AoeStats
← GAX | Urubu

MegaRandom

507871558Analyzed
4v4 RM · 13d ago on Sep 20, 2026· 40m 52s· 8 players
Game mode
Random Map
Map size
Large (8 player)
Population
200
Speed
Normal
Resources
Standard
Victory
Conquest
Starting age
Dark Age
Ending age
Imperial Age
RankedLock teamsTeams togetherTeam positionsShared explorationLock speedFull tech treeHidden civsTurbo modeCheats
Victory
Defeat
🇨🇦 Maya · Canada
1870
+4
🇲🇽 Mongols · Mexico
1772
+7
🇲🇽 Magyars · Mexico
1702
+9
🇲🇽 Wei · Mexico
1485
+16
🇧🇷 Georgians · Brazil
1604
-12
🇧🇷 Bulgarians · Brazil
1574
-10
🇧🇷 Mongols · Brazil
1539
-9
🇧🇷 Lithuanians · Brazil
1415
-5
[hkbb] Munzo__
0:26 Loom
9:42 Feudal Age
10:13 Double-Bit Axe
12:19 Horse Collar
12:41 Fletching
19:38 Castle Age
17:49 Stone Mining
18:51 Gold Mining
19:15 Padded Archer Armor
20:14 Bodkin Arrow
20:06 Crossbowman
22:56 Wheelbarrow
23:19 Ballistics
23:35 Bow Saw
23:50 Padded Archer Armor
23:36 Town Watch
25:52 Heavy Plow
30:01 Hand Cart
34:03 Imperial Age
32:09 Thumb Ring
33:00 Leather Archer Armor
34:44 Bracer
35:46 Chemistry
35:47 Two-Man Saw
34:31 Capped Ram
35:05 Elite Plumed Archer
35:12 Elite Plumed Archer
36:41 Ring Archer Armor
36:39 Scale Mail Armor
36:50 Forging
37:30 Conscription
37:52 Crop Rotation
38:26 Caravan
38:54 Town Patrol
40:19 Coinage
40:47 Stone Shaft Mining
41:13 Holcans
41:11 Chain Mail Armor
40:57 Squires
MZTK | GO1_mx
6:21 Loom
8:27 Feudal Age
9:22 Double-Bit Axe
9:52 Double-Bit Axe
14:04 Fletching
21:33 Castle Age
19:50 Gold Mining
21:17 Stone Mining
23:08 Bow Saw
23:34 Horse Collar
30:53 Bodkin Arrow
34:47 Town Watch
35:52 Wheelbarrow
36:26 Padded Archer Armor
37:20 Ballistics
38:36 Leather Archer Armor
42:54 Imperial Age
41:39 Hand Cart
CAMF
6:11 Loom
9:47 Feudal Age
10:41 Double-Bit Axe
10:37 Horse Collar
16:29 Wheelbarrow
20:13 Castle Age
18:28 Gold Mining
19:14 Bloodlines
19:40 Scale Barding Armor
21:43 Bow Saw
22:06 Husbandry
23:44 Chain Barding Armor
26:36 Forging
28:05 Iron Casting
29:02 Heavy Plow
29:00 Town Watch
29:31 Hand Cart
33:28 Imperial Age
33:32 Heavy Hei Guang Cavalry
35:15 Blast Furnace
36:31 Chemistry
36:11 Crop Rotation
37:40 Gold Shaft Mining
36:55 Stone Mining
37:44 Masonry
[KT]MonkeY
6:11 Loom
9:05 Feudal Age
9:49 Double-Bit Axe
10:00 Horse Collar
18:25 Wheelbarrow
21:32 Castle Age
20:15 Scale Barding Armor
20:51 Bloodlines
21:35 Light Cavalry
22:43 Chain Barding Armor
27:16 Husbandry
29:04 Gold Mining
30:18 Bow Saw
31:40 Hand Cart
38:39 Heavy Plow
39:22 Stone Mining
42:03 Imperial Age
GAX | B.Trufa
8:02 Loom
10:25 Feudal Age
15:04 Castle Age
13:42 Double-Bit Axe
19:16 Bloodlines
20:22 Forging
22:02 Scale Barding Armor
23:22 Husbandry
24:26 Chain Barding Armor
25:21 Horse Collar
26:53 Wheelbarrow
29:34 Heavy Plow
31:12 Bow Saw
32:13 Gold Mining
32:14 Stone Mining
35:18 Imperial Age
32:38 Town Watch
33:09 Hand Cart
34:23 Iron Casting
35:36 Cavalier
36:54 Plate Barding Armor
39:58 Two-Man Saw
39:29 Crop Rotation
GAX | SãoPauloFC
7:43 Loom
11:18 Feudal Age
15:15 Castle Age
13:34 Horse Collar
13:40 Double-Bit Axe
24:34 Fletching
26:00 Bodkin Arrow
31:46 Bow Saw
34:15 Wheelbarrow
37:49 Imperial Age
37:17 Hand Cart
GAX | Urubu
6:42 Loom
9:48 Feudal Age
10:20 Double-Bit Axe
12:24 Horse Collar
15:38 Padded Archer Armor
17:54 Fletching
22:32 Castle Age
21:46 Gold Mining
23:16 Bodkin Arrow
24:25 Leather Archer Armor
24:22 Bloodlines
24:12 Husbandry
28:05 Wheelbarrow
30:51 Ballistics
32:15 Stone Mining
32:36 Bow Saw
33:33 Thumb Ring
39:39 Imperial Age
38:52 Scale Barding Armor
38:58 Forging
40:25 Bracer
39:48 Heavy Cavalry Archer
40:58 Parthian Tactics
GAX | Kareca
10:24 Feudal Age
11:50 Loom
15:39 Castle Age
14:06 Double-Bit Axe
15:16 Bloodlines
20:18 Scale Barding Armor
23:17 Forging
23:27 Town Watch
24:55 Chain Barding Armor
27:25 Husbandry
32:00 Wheelbarrow
32:47 Iron Casting
33:26 Bow Saw
35:24 Gold Mining
38:30 Imperial Age
36:30 Stone Mining
36:43 Horse Collar
38:00 Hand Cart
37:53 Heavy Plow
38:39 Cavalier
39:55 Plate Barding Armor
40:07 Crop Rotation
39:18 Light Cavalry
Connection lost

Rejoining the realm…

Still unreachable

The connection could not be restored.

Session expired

The server has moved on; the page needs a fresh start.